 Dungeon Crawl Stone Soup version 0.18-a0-846-g91b95b1 (webtiles) character file.

9 Raultor the Ruffian (level 2, 0/23 HPs)
             Began as a Draconian Transmuter on Dec 20, 2015.
             Slain by a kobold
             ... wielding a +0 dagger
              (5 damage)
             ... on level 1 of the Dungeon.
             The game lasted 00:00:46 (501 turns).

Raultor the Ruffian (Draconian Transmuter)           Turns: 501, Time: 00:00:47

Health: 0/23       AC:  4    Str: 12    XL:     2   Next: 6%
Magic:  5/5        EV: 12    Int: 13    God:
Gold:   0          SH:  0    Dex: 11    Spells: 1 memorised, 4 levels left

rFire  . . .     SeeInvis .       - Unarmed
rCold  . . .     Gourm    .     (armour unavailable)
rNeg   . . .     Faith    .     (no shield)
rPois  .         Spirit   .     (helmet restricted)
rElec  .         Dismiss  .     (no cloak)
rCorr  .         Reflect  .     (no gloves)
SustAt .         Harm     .     (no boots)
MR     .....                    (no amulet)
Stlth  +.........               (no ring)
                                (no ring)

@: not resistant to hostile enchantments, very unstealthy
A: unfitting armour, cold-blooded, AC +4
a: no special abilities


You were on level 1 of the Dungeon.
You were not hungry.

You visited 1 branch of the dungeon, and saw 1 of its levels.

Inventory:

Missiles
 a - 12 arrows
Scrolls
 d - a scroll of magic mapping {unknown}
Books
 b - a book of Changes
Comestibles
 c - a bread ration {@e1}


   Skills:
 - Level 1.1 Fighting
 - Level 1.7 Dodging
 + Level 3.2 Unarmed Combat
 - Level 2.0 Spellcasting
 + Level 2.4 Transmutations


You had 4 spell levels left.
You knew the following spells:

 Your Spells              Type           Power        Failure   Level  Hunger
a - Beastly Appendage     Trmt           #.....       12%         1    ##.....


Dungeon Overview and Level Annotations

Branches:
Dungeon (1/15)

Altars:


Innate Abilities, Weirdness & Mutations

Your plain brown scales are hard (AC +4).
Your body does not fit into most forms of armour.
You are cold-blooded and may be slowed by cold attacks.


Message History

A rat comes into view.
You closely miss the rat. The rat misses you.
You closely miss the rat. Your punch misses the rat.
The rat bites you but does no damage.
You hit the rat but do no damage.
Your tail-slap misses the rat.
The rat closely misses you.
You hit the rat.
You kill the rat!
No target in view!
A bat comes into view.
The bat moves out of view.
The bat barely misses you. The bat hits you.
You take 1 damage, and have 15/16 hp.
You hit the bat. The bat closely misses you.
The bat hits you but does no damage.
You closely miss the bat. The bat hits you but does no damage.
The bat barely misses you.
You barely miss the bat. The bat hits you but does no damage.
You closely miss the bat. The bat hits you but does no damage.
The bat closely misses you. The bat hits you.
The bat hits you but does no damage. The bat hits you but does no damage.
You take 1 damage, and have 14/16 hp.
You miss the bat. You tail-slap the bat.
You kill the bat!
No target in view!
You see here a bat corpse. 2 goblins come into view.
The goblin shouts! x2
Health restored: 16 You miss the goblin.
Your tail-slap misses the goblin.
The goblin hits you.
You take 3 damage, and have 13/16 hp.
You barely miss the goblin. You tail-slap the goblin.
You kill the goblin!
The goblin hits you.
You take 3 damage, and have 10/16 hp.
You barely miss the goblin. The goblin closely misses you.
You hit the goblin.
You kill the goblin!
No target in view!
You see here a goblin corpse.
You butcher the goblin corpse.
d - a chunk of flesh {@w0} You start resting.
Health restored: 16 You see here a dagger.
There is a dry fountain here.
There is a fountain of clear blue water here.
There is a fountain of clear blue water here.
There is a fountain of sparkling water here.
A rat comes into view.
You hit the rat but do no damage. You tail-slap the rat.
You kill the rat!
No target in view!
All of the chunks of flesh in your inventory have rotted away.
A rat comes into view.
The rat bites you but does no damage.
You hit the rat.
Your tail-slap misses the rat.
The rat barely misses you.
You hit the rat.
You kill the rat!
No target in view!
d - a scroll labeled TEFOIM INACLOSUQE You see here a mace.
A goblin comes into view.
The goblin shouts!
The goblin moves out of view.
A hobgoblin comes into view.
A hobgoblin comes into view.
Found a stone staircase leading down.
The hobgoblin shouts!
You hear a shout!
The goblin misses you. The hobgoblin hits you.
You take 4 damage, and have 12/16 hp.
MASSIVE DAMAGE!!
A kobold comes into view. It is wielding a dagger.
You closely miss the goblin. The goblin hits you.
You take 3 damage, and have 9/16 hp.
You are too injured to fight recklessly!
You are too injured to fight recklessly!
You hit the goblin.
You kill the goblin!
You have reached level 2!
You regained 3 hp, and now have 12/23 hp.
MP restored: 5 You barely miss the hobgoblin.
The hobgoblin hits you.
You take 4 damage, and have 8/23 hp.
You closely miss the hobgoblin. The hobgoblin hits you.
* * * LOW HITPOINT WARNING * * *
You take 3 damage, and have 5/23 hp.
Unknown command.
You barely miss the hobgoblin.
You tail-slap the hobgoblin, but do no damage.
The hobgoblin misses you.
You barely miss the hobgoblin. The hobgoblin barely misses you.
You hit the hobgoblin. The hobgoblin hits you.
* * * LOW HITPOINT WARNING * * *
You hit the hobgoblin.
You kill the hobgoblin!
You hit the kobold. The kobold hits you but does no damage.
You closely miss the kobold. The kobold hits you with a dagger.
You die...

## #..#.####.## ##
............ <#
#.##.#.##..# .#
#.##.#.##..# .#
#.##.#.##..# ##
#.##.#.##..# ###
#.##.#.##..#########
.##.#...........@#.#.#.##
###.####.#####.##K......#
.##............###.#.#.##
###......#######........#
#......# #.#>#.#K##
#......# #.......
#......# #.#.#.#.#
######.# #.######..


You could see a kobold.

Vanquished Creatures
  3 goblins (D:1)
  A hobgoblin (D:1)
  2 bats (D:1)
  A giant newt (D:1)
  3 rats (D:1)
10 creatures vanquished.

Notes
Turn   | Place    | Note
--------------------------------------------------------------
     0 | D:1      | Raultor the Draconian Transmuter began the quest for the Orb.
     0 | D:1      | Reached XP level 1. HP: 16/16 MP: 3/3
   493 | D:1      | Reached XP level 2. HP: 12/23 MP: 5/5
   495 | D:1      | HP: 5/23 [hobgoblin (3)]
   501 | D:1      | Slain by a kobold

Vault maps used:
D:1:      erik_arrival_cave_to_civilisation, st_stairs_8,
          grunt_decor_mini_mirrors

Action                   || total
-------------------------++-------
Melee: Unarmed           ||    31

Vault maps used:
D:1:      erik_arrival_cave_to_civilisation, st_stairs_8,
          grunt_decor_mini_mirrors

Table legend:
 A = Turns spent in this place as a percentage of turns spent in the entire game.
 B = Non-inter-level travel turns spent in this place as a percentage of non-inter-level travel turns spent in the entire game.
 C = Inter-level travel turns spent in this place as a percentage of turns spent in this place.
 D = Turns resting spent in this place as a percentage of non-inter-level travel turns spent in this place.
 E = Turns spent auto-exploring this place as a percentage of non-inter-level travel turns spent in this place.
 F = Non-inter-level travel turns spent in this place divided by the number of levels of this place that you've seen.
                   A       B       C       D       E      F
               +-------+-------+-------+-------+-------+----------------------
         Total | 100.0 | 100.0 |   0.0 |   2.5 |  11.2 |  80.0
       Dungeon | 100.0 | 100.0 |   0.0 |   2.5 |  11.2 |  80.0
               +-------+-------+-------+-------+-------+----------------------

Table legend:
 A = Kills in this place as a percentage of kills in entire the game.
 B = Kills by you in this place as a percentage of kills by you in the entire game.
 C = Kills by friends in this place as a percentage of kills by friends in the entire game.
 D = Other kills in this place as a percentage of other kills in the entire game.
 E = Experience gained in this place as a percentage of experience gained in the entire game.
 F = Experience gained in this place divided by the number of levels of this place that you have seen.
                   A       B       C       D       E      F
               +-------+-------+-------+-------+-------+----------------------
         Total | 100.0 | 100.0 |  -nan |  -nan | 100.0 |  14.0
       Dungeon | 100.0 | 100.0 |  -nan |  -nan | 100.0 |  14.0
               +-------+-------+-------+-------+-------+----------------------
